 Dungeon Crawl Stone Soup version 0.32-a0-12-g7fc57aa741 (webtiles) character file.

Game seed: 2661145121381430025

534 Bapho the Changeling (level 7, 0/50 HPs)
             Began as a Black Draconian Shapeshifter on Jan 14, 2024.
             Slain by Menkaure (19 damage)
             ... on level 4 of the Dungeon.
             The game lasted 00:11:11 (3426 turns).

Bapho the Changeling (Black Draconian Shapeshifter) Turns: 3426, Time: 00:11:11

Health: 0/50       AC:  8    Str: 24    XL:     7   Next: 4%
Magic:  7/7        EV: 17    Int: 11    God:
Gold:   182        SH:  0    Dex: 12    Spells: 6/6 levels left

rFire   . .          .
                       - Unarmed
rCold   . . .        (shield currently unavailable)
rNeg    . . .        (body armour unavailable)
rPois   +            (helmet restricted)
rElec   +            p - +1 cloak
rCorr   +            (no gloves)
SInv    .            (no boots)
Will    .....        o - amulet of regeneration Stlth
                     B - ring of Xerchomay {rPois rCorr Str+6 Dex+2 Stlth-}
HPRegen 1.08/turn    (no ring)
MPRegen 0.10/turn

%: no passive effects
@: confused, flux-form, glowing
A: glow, contaminating, reduced hp, breathe lightning, AC +6, unfitting armour,
electricity resistance, cold-blooded
a: Breathe Lightning, Begin Untransformation


You were on level 4 of the Dungeon.
You were something dangerously unstable.
You visited 1 branch of the dungeon, and saw 4 of its levels.
You also visited: Sewer.

You collected 182 gold pieces.

Inventory:

Hand Weapons
 r - a +0 shortbow
Missiles
 d - 12 poisoned darts (quivered)
 E - 10 stones
Armour
 p - a +1 cloak (worn)
Jewellery
 o - an amulet of regeneration (around neck)
 B - the ring of Xerchomay (left hand) {rPois rCorr Str+6 Dex+2 Stlth-}
   (You acquired it on level 3 of the Dungeon)

   [ring of resist corrosion]

   Str+6:     It affects your strength (+6).
   Dex+2:     It affects your dexterity (+2).
   rPois:     It protects you from poison rCorr: It protects you from acid and
   corrosion.
   Stlth-:    It makes you less stealthy.
 C - a ring of flight
 G - an amulet of magic regeneration
Talismans
 b - a beast talisman
 c - a flux talisman (active)
 e - a beast talisman
Wands
 F - a wand of flame (19)
Scrolls
 f - 2 scrolls of enchant armour
 i - a scroll of revelation
 j - a scroll of acquirement
 k - a scroll of brand weapon {unknown}
 l - 2 scrolls of fog {unknown}
 t - a scroll of butterflies {unknown}
 v - a scroll of enchant weapon {unknown}
 w - a scroll of noise {unknown}
 y - a scroll of vulnerability {unknown}
 z - a scroll of identify {unknown}
Potions
 a - a potion of lignification
 g - 4 potions of haste {unknown}
 h - 3 potions of degeneration {unknown}
 m - a potion of enlightenment {unknown}
 n - 2 potions of curing {unknown}
 q - 3 potions of brilliance {unknown}
 s - a potion of heal wounds {unknown}
 u - 2 potions of might {unknown}
 x - a potion of cancellation {unknown}
 A - 2 potions of mutation {unknown}
 D - a potion of berserk rage {unknown}


   Skills:
 + Level 3.9 Fighting
 + Level 3.6 Dodging
 - Level 3.4 Unarmed Combat
 - Level 5.6 Shapeshifting


You had 6 spell levels left.
You didn't know any spells.
Your spell library contained the following spells:

 Spells                   Type           Power      Damage    Failure   Level
 Apportation              Tloc           0%         N/A       34%         1
 Freeze                   Ice            0%         1d3       34%         1
 Slow                     Hex            0%         N/A       34%         1
 Jinxbite                 Hex            0%         N/A       47%         2
 Confusing Touch          Hex            0%         N/A       71%         3
 Frozen Ramparts          Ice            0%         1d1       71%         3
 Hailstorm                Conj/Ice       0%         3d5       71%         3
 Sigil of Binding         Hex            0%         N/A       71%         3
 Vampiric Draining        Necr           0%         2d6       71%         3
 Alistair's Intoxication  Alch           0%         N/A       100%        5
 Iskenderun's Battlesphe  Conj           0%         2d6       100%        5
 Bombard                  Conj/Erth      0%         9d1       100%        6
 Spellforged Servitor     Conj/Summ      0%         N/A       100%        7


Dungeon Overview and Level Annotations

Branches:
Dungeon (4/15)              Sewer (visited)
 Temple: D:4-7

Altars:

Annotations:
D:4 Menkaure


Innate Abilities, Weirdness & Mutations

You are something dangerously unstable.
You glow with magical radiation, making you easy to see and hit.
Foes you strike become dangerously contaminated with magical radiation.
Your maximum health is decreased, since you lack skill for your form.
You are incapable of wielding weapons or throwing items.
You can breathe wild blasts of lightning.
Your glossy black scales are hard. (AC +6)
You cannot fit into any form of body armour.
You are resistant to electric shocks. (rElec)
You are cold-blooded and may be slowed by cold attacks.


Message History

You hit the gnoll but do no damage.
The gnoll shudders as magic cascades through it.
You kill the gnoll!
Something hits you but does no damage. Something barely misses you.
Menkaure calls on the powers of darkness!
The gnoll convulses!
Something is bathed in an unholy light!
Your body is wracked with pain!
You barely miss something.
Your tail-slap misses something.
Something hits you but does no damage.
You miss something.
You hear some strange, mumbled words.
A magic dart appears from out of thin air!
The magic dart hits you.
You barely miss something. Something hits you but does no damage.
You barely miss something.
Your tail-slap misses something.
You hear some strange, mumbled words.
You are confused.
Something hits you but does no damage.
Menkaure casts a spell.
Menkaure seems to speed up.
Something hits you but does no damage. Something hits you but does no damage.
The gnoll misses you.
You hear some strange, mumbled words.
You are more confused.
The gnoll barely misses you. Menkaure attacks as he pursues you!
Menkaure barely misses you. The gnoll attacks as it pursues you!
The gnoll barely misses you.
Menkaure calls on the powers of darkness!
The gnoll convulses!
Your body is wracked with pain!
Items here: ))))) [[ ÷÷÷.
You're too confused to move!
The gnoll hits you from afar with a +0 spear.
Menkaure closely misses you.
You hit Menkaure.
Menkaure begins to glow.
Menkaure is lightly damaged.
The gnoll barely misses you.
Menkaure rustles, "Let me perform the rites..."
Menkaure hits you!!
You die...

..........#...############
###.###..##...# #... #. #.###...#
#... #.###.###...# #[..
..####..........##########...
#..........#.................
#>.[..........############...
#######...##.Mg..............
####...##p#......#######.. ######
#......##.#<.)....#.......
.....###......##.#.#.........)...
..............##.#.#.##....####..
.......)......##.#.#.###.....####
..............##.#.#.....#÷#...##
..............##.#.#######.###..#
.........................#.# ##.#
.....#########....######.#.# #.#


You could see Menkaure (fast, contam) and a gnoll.

Vanquished Creatures
  Eustachio (D:4)
  A sky beast (D:4)
  4 gnolls
  7 adders
  9 river rats (Sewer)
  A ribbon worm (D:3)
  2 dart slugs
  14 orcs
  8 bats
  7 endoplasms
  5 goblins
  5 hobgoblins
  7 quokkas
  7 ball pythons
  8 frilled lizards
  16 kobolds
  19 rats
121 creatures vanquished.

Notes
Turn   | Place    | Note
-------+----------+-------------------------------------------
     0 | D:1      | Bapho the Draconian Shapeshifter began the quest for the
                  | Orb.
     0 | D:1      | Reached XP level 1. HP: 16/16 MP: 1/1
   132 | D:1      | Reached XP level 2. HP: 10/23 MP: 2/2
   234 | D:1      | Found a faded altar of an unknown god.
  1189 | D:2      | Reached XP level 3. HP: 18/28 MP: 3/3
  1785 | D:3      | Reached skill level 4 in Shapeshifting
  2037 | D:3      | Reached XP level 4. HP: 26/35 MP: 4/4
  2087 | D:3      | Found a glowing drain.
  2102 | Sewer    | Entered a sewer
  2209 | Sewer    | Reached skill level 5 in Shapeshifting
  2223 | Sewer    | Reached XP level 5. HP: 31/40 MP: 5/5
  2807 | D:3      | Reached XP level 6. HP: 39/48 MP: 6/6
  2809 | D:3      | Identified 2 scrolls of acquirement
  2809 | D:3      | Acquired the ring of Xerchomay {rPois rCorr Str+6 Dex+2
                  | Stlth-}
  3030 | D:4      | Noticed Eustachio
  3103 | D:4      | Killed Eustachio
  3195 | D:4      | Noticed a sky beast
  3208 | D:4      | Killed a sky beast
  3209 | D:4      | Your scales start taking on a glossy black colour.
  3209 | D:4      | Reached XP level 7. HP: 50/58 MP: 7/7
  3209 | D:4      | Gained mutation: You are resistant to electric shocks.
                  | (rElec) [Black Draconian growth]
  3319 | D:4      | Noticed Menkaure
  3426 | D:4      | Slain by Menkaure

Illustrated notes

Levels and vault maps discovered:
D:1:      minmay_arrival_nine_rooms, layout_basic,
          ebering_ecumenical_altar_abandoned, minmay_tripent
D:2:      layout_loops_ring
D:3:      layout_rooms, serial_rivers, chequers_serial_rivers_micro_c,
          chequers_serial_rivers_micro_b, chequers_serial_rivers_room_b,
          chequers_serial_rivers_large_b, gup_sewer_entry_pipe
D:4:      layout_basic, uniq_eustachio, uniq_menkaure

Skill      XL: |  1  2  3  4  5  6 |
---------------+-------------------+-----
Shapeshifting  | 4 5 |  5.6
Dodging        | 2 3 |  3.6
Fighting       | 2 3 |  3.9
Unarmed Combat | |  3.4

Action                     |  1- 3 |  4- 6 |  7- 9 || total
---------------------------+-------+-------+-------++-------
  Melee: Unarmed           |   140 |   249 |    21 ||   410
         Tailslap          |    17 |    28 |     2 ||    47
  Throw: Stone             |    14 |       |       ||    14
    Use: Scroll            |       |     3 |       ||     3
 Armour: Skin              |    47 |    75 |    26 ||   148
  Dodge: Dodged            |    97 |   199 |    48 ||   344
   Form: Flux              |     2 |       |       ||     2
         Beast             |     1 |       |       ||     1

Table legend: (Time is in decaauts)
 A = Elapsed time spent in this place.
 B = Non-inter-level travel time spent in this place.
 C = Inter-level travel time spent in this place.
 D = Time resting spent in this place.
 E = Time spent auto-exploring this place.
 F = Levels seen in this place.
 G = Mean time per level.
                   A        B        C        D        E       F      G
               +--------+--------+--------+--------+--------+-----+--------+
         Total |   3458 |   3378 |     80 |     65 |   2275 |   5 |  691.6 |
       Dungeon |   2845 |   2765 |     80 |     65 |   1914 |   4 |  711.2 |
         Sewer |    613 |    613 |      0 |      0 |    360 |   1 |  613.0 |
               +--------+--------+--------+--------+--------+-----+--------+

Top non-repeatable levels by time:
     D:1: 1121 daAuts
     D:2: 667 daAuts
     D:3: 642 daAuts
   Sewer: 613 daAuts
     D:4: 413 daAuts
